Map: [ESL] Inside and Out

Players

DPGDark (Dark) - Winner!

  • Race: Zerg Zerg
  • League: Master
  • Spawn Location: 1:00

Bunny

  • Race: Terran Terran
  • League: Silver
  • Spawn Location: 7:00

VOD

Have the link to the VOD?

Description

Time

  • Played on: Nov. 5, 2022, 10:32 a.m.
  • Length: 11:30
Show
View Real Time Build Order
Export as new Build Order

DPGDark Zerg - Winner!

Build Orders: Pool First 

Get SALT Encoding   

  12  0:00  Drone  
  13  0:12  Overlord  
  13  0:17  Drone  
  14  0:30  Drone x2  
  16  0:40  Spawning Pool  
  15  0:43  Drone  
  15  0:47  Drone  
  17  0:55  Drone  
  18  1:11  Hatchery  
  18  1:12  Extractor  
  18  1:17  Drone  
  17  1:19  Drone  
  18  1:29  Roach Warren  
  18  1:32  Zergling x2  
  18  1:42  Queen  
  20  1:50  Overlord  
  20  2:09  Roach x2  
  20  2:11  Roach  
  26  2:21  Roach  
  28  2:23  Queen  
  30  2:38  Drone x2, Roach  
  34  2:46  Overlord  
  34  2:47  Drone  
  34  2:54  Drone  
  35  3:00  Ravager  
  35  3:05  Drone x4  
  40  3:19  Ravager  
  41  3:24  Drone  
  41  3:25  Drone x2  
  44  3:33  Overlord  
  44  3:38  Overlord  
  44  3:50  Queen  
  44  3:52  Drone x5  
  44  3:53  Drone  
  44  3:55  Metabolic Boost  
  52  3:59  Drone  
  52  4:00  Drone  
  54  4:09  Drone x2  
  56  4:18  Overlord  
  56  4:20  Zergling x6  
  59  4:25  Hatchery  
  59  4:31  Queen  
  58  4:37  Zergling x12  
  66  4:39  Ravager  
  66  4:42  Zergling x2  
  68  4:47  Overlord  
  68  4:51  Overlord  
  68  4:59  Overlord  
  68  5:02  Overlord  
  68  5:05  Queen  
  70  5:08  Zergling x4  
  70  5:09  Drone x2  
  70  5:10  Drone x2  
  76  5:20  Drone x2  
  75  5:22  Drone x2  
  76  5:30  Drone  
  76  5:31  Drone  
  78  5:37  Evolution Chamber  
  78  5:39  Drone  
  78  5:41  Drone  
  80  5:42  Drone  
  80  5:44  Spore Crawler, Evolution Chamber  
  80  5:47  Queen  
  80  5:51  Drone x2, Hatchery  
  80  5:52  Drone  
  80  5:55  Extractor  
  81  5:57  Drone x3  
  84  6:06  Drone x3  
  84  6:08  Zerg Ground Armor Level 1  
  87  6:12  Hatchery  
  87  6:13  Drone, Extractor  
  87  6:16  Drone x2  
  88  6:20  Zergling x4  
  90  6:28  Drone x9  
  98  6:35  Zerg Melee Weapons Level 1  
  98  6:36  Extractor  
  97  6:42  Drone x3  
  97  6:46  Drone  
  101  6:47  Drone x2  
  101  6:50  Zergling x2  
  103  6:54  Drone x2  
  103  6:55  Overlord x2  
  103  6:59  Overlord  
  103  7:00  Overlord  
  105  7:02  Overlord  
  105  7:06  Zergling x10  
  109  7:10  Lair  
  108  7:17  Baneling Nest  
  108  7:19  Zergling x8  
  108  7:22  Ravager x2  
  113  7:23  Zergling x2  
  113  7:24  Zergling x4  
  113  7:27  Drone x3  
  113  7:29  Drone  
  120  7:30  Zergling x6  
  120  7:35  Zergling x10  
  128  7:39  Zergling x8  
  132  7:48  Zergling x10  
  137  7:55  Drone x2  
  137  7:57  Drone x2  
  141  7:59  Zergling x16  
  141  8:00  Hatchery  
  148  8:09  Centrifugal Hooks  
  148  8:10  Zergling x14  
  155  8:14  Zerg Ground Armor Level 2  
  155  8:16  Zergling x6  
  155  8:17  Baneling  
  155  8:18  Baneling x6  
  158  8:25  Infestation Pit  
  158  8:26  Drone  
  158  8:30  Overlord x2  
  158  8:31  Overlord  
  156  8:34  Overlord  
  156  8:36  Baneling x2  
  156  8:37  Baneling x4  
  156  8:43  Overlord x4  
  156  8:50  Zergling x30  
  171  8:59  Zergling x20  
  171  9:01  Zergling x2  
  171  9:02  Zergling x2  
  171  9:07  Zerg Melee Weapons Level 2, Hive  
  165  9:12  Zergling x2  
  165  9:13  Zergling x10  
  171  9:17  Baneling x3  
  171  9:20  Drone  
  171  9:21  Hatchery  
  171  9:26  Burrow  
  171  9:29  Zergling x2  
  171  9:30  Zergling x16  
  179  9:31  Baneling x4  
  179  9:32  Baneling  
  179  9:35  Baneling x3  
  179  9:38  Baneling x2  
  179  9:42  Zergling x2  
  179  9:43  Zergling x18  
  189  9:56  Zergling x28  
  189  9:57  Zergling x2  
  193  10:05  Zergling x10  
  189  10:08  Baneling x4  
  189  10:09  Baneling x5  
  189  10:13  Zergling x16  
  197  10:15  Baneling x2  
  197  10:16  Baneling x4  
  197  10:19  Zergling x2  
  197  10:20  Zergling x10  
  194  10:30  Baneling  
  194  10:33  Zergling x12  
  179  10:48  Zergling x16  
  179  10:49  Zergling x8  
  164  10:53  Zergling x24  
  164  10:55  Zergling x2  
  169  10:57  Baneling x9  
  169  11:04  Zergling x6  
  165  11:07  Zergling x6  
  165  11:09  Zergling x2  
Show
View Real Time Build Order
Export as new Build Order

Bunny Terran 

Build Orders: Reaper Expand 

Get SALT Encoding   

  12  0:00  SCV  
  13  0:12  SCV  
  14  0:16  Supply Depot  
  14  0:24  SCV  
  15  0:38  SCV  
  15  0:40  Barracks  
  15  0:42  Refinery  
  16  0:50  SCV  
  17  1:02  SCV  
  18  1:14  SCV  
  19  1:27  Reaper, Orbital Command  
  20  1:38  Command Center  
  20  1:47  Supply Depot  
  20  1:52  SCV  
  21  1:58  Marine  
  22  2:04  SCV  
  22  2:08  Factory  
  23  2:15  Refinery  
  23  2:16  SCV  
  23  2:19  Barracks Reactor  
  24  2:28  SCV  
  25  2:31  Bunker  
  24  2:37  Marine  
  24  2:40  SCV  
  24  2:43  Supply Depot  
  25  2:53  Factory Tech Lab  
  25  2:55  Marine  
  25  2:56  SCV  
  27  3:02  Orbital Command  
  27  3:11  Cyclone  
  30  3:13  SCV, Marine  
  32  3:20  Orbital Command  
  32  3:23  Starport  
  32  3:30  SCV  
  33  3:42  SCV  
  37  3:49  SCV  
  37  3:53  Orbital Command  
  35  3:56  SCV  
  35  3:59  Viking  
  38  4:08  Command Center  
  38  4:12  Barracks Reactor  
  38  4:13  SCV  
  39  4:18  SCV  
  39  4:22  Siege Tank  
  43  4:27  SCV  
  43  4:30  SCV  
  45  4:33  Supply Depot, Starport Tech Lab  
  45  4:40  SCV  
  46  4:47  Supply Depot x2  
  46  4:52  Supply Depot  
  46  4:54  SCV  
  46  4:55  Supply Depot  
  46  4:56  Raven  
  50  5:00  SCV  
  50  5:02  Marine  
  50  5:03  Marine  
  50  5:07  SCV  
  53  5:12  Engineering Bay  
  53  5:13  Engineering Bay  
  53  5:16  SCV  
  53  5:18  Siege Tank  
  53  5:19  SCV  
  53  5:20  Marine x2  
  56  5:32  SCV x2  
  58  5:38  Orbital Command  
  58  5:44  SCV x2  
  58  5:48  Terran Infantry Armor Level 1, Terran Infantry Weapons Level 1  
  60  5:54  Barracks  
  60  5:55  Barracks  
  60  5:57  Stimpack  
  60  6:05  Marine  
  60  6:06  SCV x3  
  60  6:09  Refinery  
  60  6:10  Refinery, Starport Reactor  
  64  6:12  Orbital Command  
  64  6:16  Supply Depot x2  
  64  6:18  SCV  
  64  6:19  SCV  
  64  6:24  Barracks  
  66  6:28  Barracks  
  66  6:29  Marine  
  66  6:30  Siege Tank  
  70  6:33  SCV x2  
  70  6:39  Supply Depot  
  73  6:40  SCV  
  73  6:41  Marine x2  
  75  6:48  SCV x2  
  75  6:52  SCV, Marine x3  
  81  6:55  Starport Reactor  
  81  6:59  Marine x2  
  83  7:04  Armory  
  83  7:05  Siege Tank  
  83  7:08  SCV x3  
  89  7:10  Marine x3  
  89  7:12  Barracks Reactor  
  92  7:16  Barracks Reactor  
  92  7:17  Marine  
  92  7:19  Barracks  
  92  7:20  SCV x3, Barracks  
  92  7:21  Barracks  
  96  7:27  Marine  
  96  7:28  Marine x3  
  100  7:32  SCV  
  100  7:33  SCV x2  
  100  7:36  Combat Shield  
  103  7:37  Supply Depot, Medivac x2  
  103  7:41  Marine  
  108  7:44  SCV  
  108  7:45  Supply Depot, Marine  
  108  7:47  Siege Tank  
  108  7:48  Marine x4  
  108  7:50  Marine  
  118  7:56  Marine x2  
  118  7:58  Supply Depot  
  120  7:59  Marine  
  120  8:03  Supply Depot, Marine  
  122  8:06  Marine x5  
  122  8:08  Supply Depot, Marine  
  130  8:15  Terran Infantry Weapons Level 2  
  130  8:19  Terran Infantry Armor Level 2  
  128  8:20  Marine  
  128  8:21  Marine x5  
  128  8:24  Marine  
  135  8:31  Supply Depot  
  135  8:34  Siege Tank, Marine x4  
  135  8:35  Marine  
  135  8:38  Marine  
  135  8:39  Marine x2  
  135  8:40  Marine x2  
  135  8:41  Marine x2  
  149  8:43  Terran Vehicle Weapons Level 1  
  150  8:52  Marine x5  
  150  8:53  Supply Depot  
  155  8:56  Medivac  
  150  9:05  Marine x7  
  150  9:07  Medivac  
  148  9:10  Marine x5  
  148  9:15  Siege Tank  
  153  9:22  Marine  
  153  9:23  Marine x6  
  160  9:26  Medivac  
  160  9:28  Marine x5  
  167  9:40  Medivac, Marine x2  
  167  9:41  Marine x5  
  176  9:48  Marine  
  176  9:49  Marine x4  
  177  9:54  Siege Tank  
  177  9:58  Marine x6  
  177  9:59  Marine  
  177  10:06  Medivac, Marine x2  
  178  10:10  Medivac  
  181  10:21  Marine  
  181  10:22  Marine x5  
  181  10:24  Marine  
  181  10:32  Marine  
  181  10:34  Marine x2  
  181  10:40  Marine x2  
  181  10:41  Medivac, Marine x3  
  169  10:47  Siege Tank  
  135  10:54  Marine  
  135  10:55  Marine x6  
  128  10:57  Marine  
  128  10:59  Marauder, Marine  
Tags
 
Add a new tag
Caveats
  • Supply blocks, unpowered buildings, or Contaminate may cause inaccurate times.
  • Supply counts are checked every 10 seconds.